 Dungeon Crawl Stone Soup version 0.31-a0-833-gc15d34cb79 (webtiles) character file.

Game seed: 4827974429336665417

100 Kurtz the Chopper (level 4, -22/31 HPs)
             Began as an Octopode Fighter on Sept 25, 2023.
             Annihilated by an ogre
             ... wielding a +0 giant spiked club
              (29 damage)
             ... on level 4 of the Dungeon.
             The game lasted 00:01:39 (1689 turns).

Kurtz the Chopper (Octopode Fighter)                Turns: 1689, Time: 00:01:40

Health: -22/31     AC:  1    Str: 17    XL:     4   Next: 73%
Magic:  4/4        EV: 13    Int: 10    God:
Gold:   150        SH:  4    Dex: 11    Spells: 3/3 levels left

rFire   . . .        a - +0 war axe
rCold   . . .        b - +0 buckler
rNeg    . . .        (helmet restricted)
rPois   +            (no amulet)
rElec   .            g - ring of poison resistance
rCorr   .            (no ring)
SInv    .            (no ring)
Will    .....        (no ring)
Stlth   ++           (no ring)
HPRegen 0.25/turn    (no ring)
MPRegen 0.09/turn    (no ring)
                     (no ring)

%: no passive effects
@: mighty
A: almost no armour, amphibious, 8 rings, camouflage 1, gelatinous body 1,
(nimble swimmer 1), tentacles
a: no special abilities


You were on level 4 of the Dungeon.
You visited 1 branch of the dungeon, and saw 5 of its levels.

You collected 150 gold pieces.

Inventory:

Hand Weapons
 a - a +0 war axe (weapon)
Missiles
 f - 2 poisoned darts
Armour
 b - a +0 buckler (worn)
Jewellery
 g - a ring of poison resistance (left tentacle)
Wands
 h - a wand of acid (3)
Scrolls
 i - a scroll of poison {unknown}
 j - 2 scrolls of enchant armour {unknown}
Potions
 c - a potion of might
 d - 3 potions of heal wounds {unknown}
 e - 2 potions of resistance {unknown}
 k - 2 potions of curing {unknown}
 l - a potion of haste {unknown}


   Skills:
 - Level 3.0 Fighting
 * Level 4.8 Axes
 - Level 3.0 Dodging
 - Level 3.0 Shields


You had 3 spell levels left.
You didn't know any spells.
Your spell library contained the following spells:

 Spells                   Type           Power      Damage    Failure   Level
 Blink                    Tloc           0%         N/A       58%         2
 Lesser Beckoning         Tloc           0%         N/A       58%         2
 Momentum Strike          Conj/Tloc      0%         3d8       58%         2


Dungeon Overview and Level Annotations

Branches:
Dungeon (5/15)
 Temple: D:4-7

Altars:


Innate Abilities, Weirdness & Mutations

You cannot wear most types of armour.
You are amphibious.
You can wear up to eight rings at the same time.
Your skin changes colour to match your surroundings (Stealth+).
Your rubbery body absorbs attacks. (AC +1, EV +1)
((You are camouflaged when in or above water. (Stealth+)))
You have tentacles for arms and can constrict up to eight enemies at once.


Message History

The adder is almost dead.
The adder barely misses you.
You barely miss the adder. Your grab misses the adder.
The adder is almost dead.
The adder bites you. The adder closely misses you.
You completely miss the adder. Your grab misses the adder.
The adder is almost dead.
The adder barely misses you. You block the adder's attack.
An adder is nearby!
You slash the adder!
You kill the adder!
l - a lumpy purple potion No target in view!
You see here an adder corpse.
You open the door.
An ogre comes into view. It is wielding a +0 giant spiked club.
Found 9 gold pieces.
There is an open door here.
An ogre is nearby!
The ogre shouts!
A phantom comes into view.
The ogre hits you with a +0 giant spiked club!!
Ouch! That really hurt!
* * * LOW HITPOINT WARNING * * *
There are monsters nearby!
You are too injured to fight recklessly!
There are monsters nearby!
Unknown command.
You feel very mighty all of a sudden. The ogre barely misses you.
You slash the ogre!
The ogre is moderately wounded.
You barely miss the ogre.
The ogre is moderately wounded.
The ogre closely misses you.
You barely miss the ogre. You squeeze the ogre!
The ogre is almost dead.
The ogre hits you with a +0 giant spiked club!!
Ouch! That really hurt!
You die...

.####### #.# #.####.#.#
.......# #.# #.# #.#.# ..####.#
##+# #.# ##.#.# ...## ##...#
#.# #..#.# ....##
##.....###.###.##.# ...>.#
#.......##........# .....#
.........####...######.
.................'..†..........
...........$.W.O@####...######.
.#.#.##.#.......## ##.## ####.#
.##.....## #.# # .. ###...# #.#
# .## ##'# #.# #. #.# # #.#


You could see an ogre and a phantom.

Vanquished Creatures
  An orc priest (D:2)
  2 adders
  4 orcs
  3 ball pythons
  7 endoplasms
  2 giant cockroaches
  A goblin (D:1)
  6 hobgoblins
  7 kobolds
  3 quokkas
  5 bats
  A frilled lizard (D:1)
  2 rats (D:1)
44 creatures vanquished.

Notes
Turn   | Place    | Note
-------+----------+-------------------------------------------
     0 | D:1      | Kurtz the Octopode Fighter began the quest for the Orb.
     0 | D:1      | Reached XP level 1. HP: 16/16 MP: 1/1
    96 | D:1      | Reached XP level 2. HP: 21/21 MP: 2/2
   488 | D:1      | Reached skill level 3 in Axes
   962 | D:2      | Reached XP level 3. HP: 8/26 MP: 3/3
  1463 | D:3      | Reached skill level 4 in Axes
  1498 | D:2      | Reached XP level 4. HP: 19/31 MP: 4/4
  1572 | D:3      | You fall into a shaft and drop 2 floors!
  1572 | D:5      | Entered Level 5 of the Dungeon
  1681 | D:4      | Noticed an ogre
  1684 | D:4      | Noticed a phantom
  1689 | D:4      | Annihilated by an ogre

Illustrated notes

Levels and vault maps discovered:
D:1:      dpeg_arrival_tiny_k, layout_loops_ring
D:2:      layout_basic
D:3:      cheibrodos_fertilizer, layout_loops_ring
D:4:      layout_loops_corners, minmay_temple_entry_enclosed_plants
D:5:      layout_cave_pools, uniq_crazy_yiuf_cottage

Skill      XL: |  1  2  3 |
---------------+----------+-----
Axes           | 3 4 |  4.8
Fighting       | |  3.0
Dodging        | |  3.0
Shields        | |  3.0

Action                     |  1- 3 |  4- 6 || total
---------------------------+-------+-------++-------
  Melee: War axe           |    76 |    19 ||    95
         Constrict         |    18 |     1 ||    19
         Tentacles         |    11 |     3 ||    14
         Punch             |     1 |     1 ||     2
    Use: Potion            |       |     1 ||     1
   Stab: Sleeping          |     6 |     1 ||     7
 Armour: Skin              |    38 |     4 ||    42
  Dodge: Dodged            |    46 |    12 ||    58
  Block: Buckler           |    19 |     4 ||    23

Table legend: (Time is in decaauts)
 A = Elapsed time spent in this place.
 B = Non-inter-level travel time spent in this place.
 C = Inter-level travel time spent in this place.
 D = Time resting spent in this place.
 E = Time spent auto-exploring this place.
 F = Levels seen in this place.
 G = Mean time per level.
                   A        B        C        D        E       F      G
               +--------+--------+--------+--------+--------+-----+--------+
         Total |   1723 |   1706 |     17 |    295 |   1100 |   5 |  344.6 |
       Dungeon |   1723 |   1706 |     17 |    295 |   1100 |   5 |  344.6 |
               +--------+--------+--------+--------+--------+-----+--------+

Top non-repeatable levels by time:
     D:2: 857 daAuts
     D:1: 706 daAuts
     D:4: 115 daAuts
     D:3: 39 daAuts
     D:5: 3 daAuts
